Selects Australian Defense Battlegroup
Selects Australian Light Infantry Section
Australian Light Infantry Section
Construct Section Command Post
Australian Light Infantry Section
Construct Platoon Command Post
Selects Defensive Tactics
Selects CMP 15cwt Supply Run
Australian Light Infantry Section
Selects Reinforced Resource Caches
Selects Charged Creeping Barrage